 Dungeon Sprint DCSS version 0.22-a0-369-gc73351f (webtiles) character file.

8073 emperorscorpion the Severer (level 11, 51/97 HPs)
             Began as a Demonspawn Berserker on Apr 24, 2018.
             Was the Champion of Trog.
             Quit the game in the Dungeon (Sprint V: "Ziggurat Sprint").
             The game lasted 00:07:25 (269 turns).

emperorscorpion the Severer (Demonspawn Berserker)   Turns: 269, Time: 00:07:26

Health: 51/97      AC: 27    Str: 25    XL:     11   Next: 5%
Magic:  13/16      EV:  1    Int:  8    God:    Trog [******]
Gold:   0          SH: 36    Dex: 18    Spells: 10/10 levels left

rFire    + + .     SeeInvis +   D - +14 obsidian axe {chop, +Fly SInv *Curse} (curse)
rCold    + + .     Gourm    .   F - +18 shield of the Gong {rElec rN+ MR+ EV-5}
rNeg     + + .     Faith    .   j - +5 gold dragon scales
rPois    +         Spirit   .   (helmet restricted)
rElec    +         Reflect  +   M - +2 cloak {+Inv}
rCorr    .         Harm     .   (no gloves)
MR       +++..     NoTele   +   (no boots)
Stlth    ..........             N - +5 amulet of reflection
HPRegen  1.26/turn              B - +6 ring of strength
MPRegen  0.15/turn              O - ring "Dufruixt" {rF+ rC+ rN+ Dex+3 Slay+2}

@: mildly poisoned (51 -> 51), mesmerised, regenerating
A: antennae 1, icy blue scales 2, rot immunity
a: Berserk, Trog's Hand, Brothers in Arms, Renounce Religion, Evoke
Invisibility, Evoke Flight


You were in the Dungeon.
You worshipped Trog.
Trog was exalted by your worship.
You were not hungry.

You visited 1 branch

Inventory:

Hand Weapons
 a - a +0 hand axe
 D - the cursed +14 obsidian axe (weapon) {chop, +Fly SInv *Curse}
   (You found it in the Dungeon)

   It inflicts extra damage upon your enemies.
   It lets you see invisible.
   It lets you fly.
   It curses itself when equipped.
   It has a curse placed upon it.
 H - the +9 staff of Olgreb {rPois}
   (You found it in the Dungeon)

   It protects you from poison.
Armour
 b - a +0 animal skin
 j - +5 gold dragon scales (worn)
 E - the +15 Maxwell's patent armour {-Cast -Tele rElec MR+ rCorr}
   (You found it in the Dungeon)

   It insulates you from electricity.
   It affects your resistance to hostile enchantments.
   It prevents spellcasting.
   It prevents most forms of teleportation.
   It protects you from acid and corrosion.
 F - the +18 shield of the Gong (worn) {rElec rN+ MR+ EV-5}
   (You found it in the Dungeon)

   It affects your evasion (-5).
   It insulates you from electricity.
   It protects you from negative energy.
   It affects your resistance to hostile enchantments.
 M - a +2 cloak of invisibility (worn)
Jewellery
 x - a +6 ring of dexterity
 y - a +6 ring of dexterity
 z - a +6 ring of intelligence
 A - a +6 ring of intelligence
 B - a +6 ring of strength (left hand)
 C - a +6 ring of strength
 I - an uncursed ring of poison resistance
 J - a +1 ring of slaying
 K - a +3 amulet of reflection
 N - a +5 amulet of reflection (around neck)
 O - the ring "Dufruixt" (right hand) {rF+ rC+ rN+ Dex+3 Slay+2}
   (You found it in the Dungeon)

   [ring of slaying]

   It affects your dexterity (+3).
   It affects your accuracy and damage with ranged weapons and melee attacks
   (+2).
   It protects you from fire.
   It protects you from cold.
   It protects you from negative energy.
Wands
 u - a wand of disintegration (7)
 v - a wand of iceblast (6)
 w - a wand of acid (7)
Scrolls
 i - 4 scrolls of blinking
 q - 7 scrolls of fog
 r - 5 scrolls of identify
 s - 5 scrolls of remove curse
 t - 2 scrolls of fear
 P - a scroll of brand weapon
Potions
 d - 10 potions of curing
 e - 10 potions of heal wounds
 f - 6 potions of haste
 g - 7 potions of magic
 h - 3 potions of berserk rage
 k - 2 potions of brilliance
 l - 2 potions of invisibility
 m - 4 potions of resistance
 o - 5 potions of agility
 p - 5 potions of might
Miscellaneous
 n - a lightning rod (4/4)
 G - a fan of gales
 L - a phantom mirror
Comestibles
 c - 8 rations


   Skills:
 + Level 12.8 Fighting
 + Level 15.4 Axes
 + Level 7.7 Armour
 + Level 5.5 Dodging
 + Level 3.6 Stealth
 + Level 10.1 Shields
 * Level 6.9 Evocations


You had 10 spell levels left.
You didn't know any spells.

Dungeon Overview and Level Annotations

Branches:
Dungeon (1/1)

Altars:
Ashenzari
Cheibriados
Dithmenos
Elyvilon
Fedhas
Gozag
Hepliaklqana
Kikubaaqudgha
Makhleb
Nemelex Xobeh
Okawaru
Qazlal
Ru
Sif Muna
Trog
Uskayaw
Vehumet
Wu Jian
Xom
Yredelemnul
Zin
The Shining One
Beogh
Jiyva
Lugonu


Innate Abilities, Weirdness & Mutations

You have a pair of small antennae on your head.
You are mostly covered in icy blue scales. (AC +3)
You are immune to rotting.


Message History

You see here an uncursed short sword.
Your skin crawls.
You feel resistant to hostile enchantments.
You feel somewhat more hungry.
You feel sick.
P - a scroll of brand weapon You feel sick.
Okay, then.
Unknown command.
There is a transporter here.
Welcome to arena 13.
You enter the transporter and appear at another place.
You feel sick.
You swap places.
A komodo dragon, 2 crocodiles and 2 hippogriffs come into view.
Visions of slaying the crocodile flood into your mind.
The hippogriff screeches!
The komodo dragon hisses angrily.
You hear an angry hiss.
Found five items.
A wolf, a crocodile and a hippogriff come into view.
Are you sure you want to abandon this character and quit the game? (Confirm with "yes".)

▓▓▓▓▓▓▓▓▓▓▓
▓...tH=}:...▓...8©8...▓
▓...tHtHl...▓..}.=:}..▓
▓...........▓...:=)...▓
...........▓.........▓
......... ▓.........▓
▓.....▓ ▓.........▓
▓▓...▓▓ ▓...).....▓
▓..▓.3@5.▓..▓.▓.....▓.▓
▓h...553....▓....©....▓
▓▓▓▓▓▓▓▓▓▓▓▓▓▓▓▓▓▓▓▓▓▓▓
▓...8©8...▓...8©8...▓..
▓..)}=.:=.▓..|)..)..▓..
▓..}|)[:..▓..|)|.:..▓..
▓.........▓.........▓..
▓.........▓.........▓..
▓...))....▓.........▓..


You could see a komodo dragon, 3 hippogriffs, 3 crocodiles, a wolf, a friendly
sun demon, a friendly neqoxec, a friendly iron imp, a friendly quasit and a
friendly ufetubus.

Vanquished Creatures
  A naga warrior (D)
  A skeletal warrior (D)
  A cyclops (D)
  A black mamba (D)
  A rime drake (D)
  3 merfolk (D)
  A slime creature (D)
  A wyvern (D)
  A fire elemental (D)
  A golden eye (D)
  2 steam dragons (D)
  2 nagas (D)
  2 acid dragons (D)
  2 water moccasins (D)
  A floating eye (D)
  5 hell hounds (D)
  A swamp drake (D)
  An iron imp (D)
  3 jellies (D)
  An adder (D)
  A shadow imp (D)
  2 adder zombies (D)
  3 bat zombies (D)
  A ball python (D)
  A leopard gecko zombie (D)
  A quokka simulacrum (D)
  A quokka zombie (D)
42 creatures vanquished.

Vanquished Creatures (collateral kills)
  A nagaraja (D)
  An ice dragon (D)
  An anaconda (D)
  A black mamba (D)
  A merfolk (D)
  A flying skull (D)
  A shadow (D)
  A wyvern (D)
  2 wraiths (D)
  2 hell hounds (D)
  A swamp drake (D)
  2 ice beasts (D)
  2 centaurs (D)
  3 crimson imps (D)
  A jelly (D)
  2 quasits (D)
  An iron imp (D)
  A shadow imp (D)
  An ooze (D)
  An adder zombie (D)
  3 bat skeletons (D)
  A jackal simulacrum (D)
  2 quokka skeletons (D)
33 creatures vanquished.

Grand Total: 75 creatures vanquished

Notes
Turn   | Place    | Note
-------+----------+-------------------------------------------
     0 | D        | Found the +6 Majin-Bo {vamp, Archmagi MP+6 Int+6}
     0 | D        | Found the +7 great mace "Firestarter" {inner flame, rF++}
     0 | D        | emperorscorpion the Demonspawn Berserker began the quest for the Orb.
     0 | D        | Reached XP level 1. HP: 18/18 MP: 1/1
    13 | D        | Found a blossoming altar of Fedhas.
    16 | D        | Found a deep blue altar of Sif Muna.
    16 | D        | Found a sacrificial altar of Ru.
    16 | D        | Found a bloodstained altar of Trog.
    16 | D        | Found a stormy altar of Qazlal.
    16 | D        | Found an iron altar of Okawaru.
    16 | D        | Found a sparkling altar of Nemelex Xobeh.
    18 | D        | Found a transporter.
    18 | D        | Found an ancient bone altar of Kikubaaqudgha.
    18 | D        | Found a viscous altar of Jiyva.
    18 | D        | Found a corrupted altar of Lugonu.
    18 | D        | Found a hazy altar of Hepliaklqana.
    18 | D        | Found a burning altar of Makhleb.
    18 | D        | Found an opulent altar of Gozag.
    35 | D        | Found the +9 heavy crossbow "Sniper" {velocity, Acc+∞ SInv}
    35 | D        | Found the +10 dark maul {crush}
    35 | D        | Found the +15 Maxwell's patent armour {-Cast -Tele rElec MR+ rCorr}
    35 | D        | Found the +18 shield of the Gong {rElec rN+ MR+ EV-5}
    35 | D        | Found the cursed +14 obsidian axe {chop, +Fly SInv *Curse}
    42 | D        | Reached skill level 3 in Axes
    42 | D        | Gained mutation: You are partially covered in icy blue scales. (AC +2) [demonic ancestry]
    42 | D        | Reached XP level 2. HP: 25/25 MP: 1/3
    52 | D        | Entered arena 2.
    52 | D        | Noticed a hell hound
    52 | D        | Noticed a fire elemental
    52 | D        | Found a transporter.
    54 | D        | Killed a hell hound
    54 | D        | Reached skill level 5 in Axes
    54 | D        | Reached XP level 3. HP: 34/34 MP: 1/4
    54 | D        | Gained mutation: You are immune to rotting. [demonic ancestry]
    54 | D        | Reached XP level 4. HP: 40/40 MP: 1/5
    56 | D        | Killed a fire elemental
    56 | D        | Reached skill level 6 in Axes
    56 | D        | Reached XP level 5. HP: 43/48 MP: 2/6
    63 | D        | Entered arena 3.
    63 | D        | Found a transporter.
    65 | D        | Reached ** piety under Trog
    71 | D        | Entered arena 4.
    71 | D        | Noticed an ice beast
    71 | D        | Noticed an ice beast
    71 | D        | Found a transporter.
    74 | D        | Killed an ice beast
    74 | D        | Reached skill level 7 in Axes
    74 | D        | Reached *** piety under Trog
    77 | D        | Killed an ice beast
    77 | D        | Gained mutation: You are mostly covered in icy blue scales. (AC +3) [demonic ancestry]
    77 | D        | Reached XP level 6. HP: 55/56 MP: 4/7
    83 | D        | Entered arena 5.
    83 | D        | Noticed a hell hound
    83 | D        | Noticed a hell hound
    83 | D        | Noticed a hell hound
    83 | D        | Found a transporter.
    85 | D        | Killed a hell hound
    85 | D        | Reached skill level 8 in Axes
    87 | D        | Killed a hell hound
    87 | D        | Reached **** piety under Trog
    87 | D        | Reached skill level 5 in Dodging
    87 | D        | Killed a hell hound
    87 | D        | Reached skill level 9 in Axes
    87 | D        | Reached XP level 7. HP: 61/64 MP: 5/8
    94 | D        | Entered arena 6.
    94 | D        | Found a transporter.
    96 | D        | Reached ***** piety under Trog
    98 | D        | Received a gift from Trog
    98 | D        | Reached skill level 5 in Armour
   104 | D        | Entered arena 7.
   105 | D        | Found a transporter.
   105 | D        | Received a gift from Trog
   110 | D        | Reached skill level 10 in Fighting
   110 | D        | Reached skill level 10 in Axes
   117 | D        | Entered arena 8.
   118 | D        | Found the +9 staff of Olgreb {rPois}
   118 | D        | Found a transporter.
   122 | D        | Reached ****** piety under Trog
   123 | D        | Reached XP level 8. HP: 59/72 MP: 9/9
   132 | D        | Entered arena 9.
   132 | D        | Noticed a cyclops
   132 | D        | Noticed a merfolk
   132 | D        | Noticed a merfolk
   132 | D        | Noticed a merfolk
   132 | D        | Noticed a merfolk
   133 | D        | Found a transporter.
   139 | D        | Killed a merfolk
   139 | D        | Reached skill level 5 in Shields
   140 | D        | Killed a merfolk
   140 | D        | Reached skill level 11 in Axes
   140 | D        | Killed a merfolk
   140 | D        | Received a gift from Trog
   141 | D        | Killed a cyclops
   141 | D        | Reached skill level 12 in Axes
   141 | D        | Gained mutation: You have a pair of small antennae on your head. [demonic ancestry]
   141 | D        | Reached XP level 9. HP: 15/79 MP: 10/10
   144 | D        | Killed a merfolk
   161 | D        | Entered arena 10.
   162 | D        | Found a transporter.
   166 | D        | Received a gift from Trog
   167 | D        | Paralysed by a floating eye for 4 turns
   184 | D        | Entered arena 11.
   184 | D        | Noticed a rime drake
   185 | D        | Found the +12 glaive of Prune {chop}
   185 | D        | Found a transporter.
   188 | D        | Reached skill level 13 in Axes
   189 | D        | Received a gift from Trog
   193 | D        | Killed a rime drake
   209 | D        | Entered arena 12.
   209 | D        | Noticed an ice dragon
   210 | D        | Noticed a skeletal warrior
   211 | D        | Found a transporter.
   218 | D        | Received a gift from Trog
   218 | D        | Killed an ice dragon
   218 | D        | Reached skill level 14 in Axes
   218 | D        | Reached XP level 10. HP: 57/89 MP: 10/12
   225 | D        | Killed a skeletal warrior
   233 | D        | Got the ring "Dufruixt" {rF+ rC+ rN+ Dex+3 Slay+2}
   240 | D        | Entered arena 13.
   240 | D        | Noticed a naga warrior
   240 | D        | Noticed a black mamba
   241 | D        | Noticed an anaconda
   241 | D        | Noticed a black mamba
   241 | D        | Noticed a nagaraja
   242 | D        | Found a transporter.
   244 | D        | Killed a black mamba
   244 | D        | Received a gift from Trog
   245 | D        | Killed a black mamba
   245 | D        | Reached skill level 5 in Evocations
   247 | D        | Killed an anaconda
   257 | D        | Killed a naga warrior
   257 | D        | Received a gift from Trog
   257 | D        | Reached skill level 15 in Axes
   257 | D        | Killed a nagaraja
   257 | D        | Reached skill level 10 in Shields
   257 | D        | Reached XP level 11. HP: 44/97 MP: 12/16
   267 | D        | Entered arena 14.
   269 | D        | Quit the game

Vault maps used:
D:        sprint_v

Skill      XL: |  1  2  3  4  5  6  7  8  9 10 |
---------------+-------------------------------+-----
Fighting       | 4 6 7 8 9 10 11 12 | 12.8
Axes           | 3 5 6 7 9 10 12 14 15 | 15.4
Armour         | 3 4 5 6 7 |  7.7
Dodging        | 3 4 5 |  5.5
Stealth        | 2 3 |  3.6
Shields        | 2 3 4 7 9 10 | 10.1
Evocations     | 2 3 6 |  6.9

Action                   |  1- 3 |  4- 6 |  7- 9 | 10-12 || total
-------------------------+-------+-------+-------+-------++-------
Melee: Broad axe         |     1 |    11 |    36 |    20 ||    68
Invok: Trog's Hand       |       |       |     4 |     2 ||     6
Evoke: Wand              |     1 |       |       |       ||     1
  Use: Potion            |     1 |       |       |       ||     1
 Stab: Distracted        |       |       |     1 |     1 ||     2
Armor: Gold dragon scale |       |     4 |    19 |     6 ||    29
Dodge: Dodged            |       |       |     3 |       ||     3
Block: Shield            |     2 |    20 |    70 |    31 ||   123
       Reflection        |       |       |     1 |     7 ||     8

Table legend:
 A = Spawn XP
 B = Non-spawn XP
 C = Spawn XP percentage of total XP
 D = Spawn monster count
 E = Non-spawn monster count
 F = Spawn count percentage of total count
 G = Total turns spent on level
                    A         B        C        D         E        F      G
               +---------+---------+-------+---------+---------+-------+---------
         Total |       0 |   11521 |   0.0 |       0 |      75 |   0.0 |   269
               +---------+---------+-------+---------+---------+-------+---------
             D |       0 |   11521 |   0.0 |       0 |      75 |   0.0 |   269
               +---------+---------+-------+---------+---------+-------+---------
